AoeStats
← zar

Black Forest

510062361Analyzed
4v4 RM · 3d ago on Sep 29, 2026· 52m 31s· 8 players
Game mode
Random Map
Map size
Large (8 player)
Population
200
Speed
Normal
Resources
Standard
Victory
Conquest
Starting age
Dark Age
Ending age
Imperial Age
RankedLock teamsTeams togetherTeam positionsShared explorationLock speedFull tech treeHidden civsTurbo modeCheats
Victory
Defeat
🇹🇷 Huns · Türkiye
904
+12
🇨🇳 Turks · China
832
+15
🇮🇳 Bohemians · India
824
+16
🇨🇳 Turks · China
735
+19
🇫🇷 Huns · France
936
-20
🇺🇸 Ethiopians · United States
914
-20
709
-11
🇩🇪 Saracens · Germany
701
-11
darockstar686
11:15 Feudal Age
15:55 Castle Age
25:12 Horse Collar
25:26 Double-Bit Axe
26:40 Heavy Plow
27:48 Bow Saw
28:28 Wheelbarrow
28:50 Loom
28:51 Town Watch
29:41 Fervor
29:57 Sanctity
29:30 Fletching
29:42 Padded Archer Armor
29:40 Murder Holes
30:07 Ballistics
31:14 Hand Cart
31:50 Bodkin Arrow
32:11 Leather Archer Armor
33:32 Scale Mail Armor
33:43 Forging
34:35 Chemistry
33:46 Masonry
33:50 Fortified Wall
33:48 Caravan
34:10 Town Patrol
37:43 Imperial Age
35:45 Chain Mail Armor
36:51 Iron Casting
36:12 Guard Tower
37:42 Wagenburg Tactics
37:20 Pikeman
38:01 Squires
37:47 Arson
39:31 Two-Man Saw
39:05 Architecture
38:23 Arrowslits
38:44 Siege Engineers
39:11 Plate Mail Armor
39:12 Ring Archer Armor
40:51 Blast Furnace
40:15 Bombard Tower
40:33 Keep
40:01 Bracer
40:09 Halberdier
41:34 Conscription
43:30 Elite Hussite Wagon
45:09 Houfnice
83766496
13:18 Feudal Age
18:13 Castle Age
16:41 Horse Collar
17:36 Double-Bit Axe
19:59 Loom
22:49 Town Watch
26:29 Wheelbarrow
28:15 Heavy Plow
29:22 Hand Cart
29:42 Bow Saw
34:09 Imperial Age
31:46 Town Patrol
31:36 Treadmill Crane
32:22 Gold Mining
32:39 Padded Archer Armor
33:46 Leather Archer Armor
34:21 Stone Mining
35:08 Gold Shaft Mining
37:46 Thumb Ring
37:39 Heavy Scorpion
39:11 Bombard Tower
39:12 Ballistics
40:01 Two-Man Saw
40:06 Conscription
39:07 Elite Janissary
41:29 Ring Archer Armor
40:50 Fletching
42:05 Fortified Wall
42:08 Masonry
45:15 Bodkin Arrow
45:31 Forging
45:27 Scale Barding Armor
46:11 Artillery
47:14 Caravan
47:26 Guilds
53:05 Architecture
52:32 Murder Holes
52:23 Arrowslits
zar
14:48 Feudal Age
17:05 Horse Collar
17:14 Double-Bit Axe
19:58 Castle Age
21:25 Bow Saw
21:31 Heavy Plow
32:04 Caravan
35:19 Scale Barding Armor
35:25 Forging
35:13 Fletching
35:23 Padded Archer Armor
35:36 Forging
36:06 Ballistics
38:35 Imperial Age
36:27 Gold Mining
36:30 Stone Mining
37:28 Forging
37:15 Bodkin Arrow
37:35 Leather Archer Armor
40:36 Gold Shaft Mining
40:16 Guilds
41:05 Elite Janissary
42:08 Artillery
43:17 Town Watch
44:08 Wheelbarrow
43:18 Loom
44:38 Fortified Wall
52:50 Conscription
BalPorsuğu
12:36 Feudal Age
16:45 Castle Age
14:33 Double-Bit Axe
14:31 Horse Collar
15:30 Gold Mining
21:03 Bow Saw
20:59 Heavy Plow
30:44 Imperial Age
28:02 Loom
28:52 Ballistics
28:37 Caravan
29:59 Wheelbarrow
30:03 Marauders
30:14 Scale Barding Armor
30:20 Forging
31:09 Coinage
30:59 Hand Cart
30:17 Pikeman
30:58 Squires
30:43 Arson
31:21 Elite Tarkan
32:47 Chain Barding Armor
32:28 Scale Mail Armor
34:10 Plate Barding Armor
33:11 Halberdier
35:07 Chemistry
34:59 Light Cavalry
35:50 Bloodlines
35:40 Husbandry
40:31 Hussar
43:30 Iron Casting
43:11 Chain Mail Armor
52:52 Blast Furnace
51:44 Fletching
Dankemerkel21
13:58 Feudal Age
20:17 Castle Age
18:37 Double-Bit Axe
18:33 Horse Collar
19:25 Gold Mining
19:27 Stone Mining
22:20 Bow Saw
26:41 Heavy Plow
27:31 Atonement
27:43 Fervor
29:14 Wheelbarrow
29:53 Caravan
30:23 Coinage
30:15 Hand Cart
29:46 Town Watch
29:46 Loom
34:25 Imperial Age
32:25 Town Patrol
33:11 Gold Shaft Mining
33:41 Forging
33:37 Scale Barding Armor
35:31 Conscription
35:47 Hoardings
35:53 Murder Holes
36:08 Fortified Wall
36:19 Ballistics
37:00 Chemistry
35:46 Arrowslits
36:12 Masonry
38:03 Two-Man Saw
36:27 Elite Mameluke
37:32 Sanctity
38:02 Banking
39:06 Iron Casting
38:51 Chain Barding Armor
41:13 Devotion
41:23 Siege Engineers
42:40 Blast Furnace
42:15 Plate Barding Armor
44:30 Fletching
44:40 Padded Archer Armor
46:18 Bodkin Arrow
46:38 Leather Archer Armor
49:48 Bracer
50:19 Ring Archer Armor
50:12 Faith
50:50 Elite Skirmisher
53:00 Thumb Ring
Anipazronkin
0:38 Loom
19:16 Feudal Age
21:13 Wheelbarrow
20:27 Town Watch
20:29 Double-Bit Axe
20:27 Horse Collar
20:38 Gold Mining
23:35 Stone Mining
26:56 Castle Age
24:54 Fletching
28:19 Caravan
28:37 Hand Cart
28:23 Town Patrol
29:09 Bow Saw
29:08 Heavy Plow
29:49 Gold Shaft Mining
38:30 Imperial Age
39:16 Fortified Wall
39:03 Murder Holes
39:18 Masonry
39:29 Ballistics
40:23 Chemistry
40:40 Ballistics
40:30 Fortified Wall
40:16 Murder Holes
40:26 Siege Engineers
40:31 Masonry
40:47 Ballistics
41:07 Conscription
40:17 Sappers
40:50 Royal Heirs
41:11 Guilds
42:04 Onager
43:02 Town Patrol
44:30 Stone Shaft Mining
44:47 Elite Shotel Warrior
46:25 Torsion Engines
47:11 Arson
47:26 Squires
47:30 Scale Mail Armor
48:28 Halberdier
49:25 Chain Mail Armor
49:20 Forging
49:05 Bodkin Arrow
APC
0:40 Loom
12:06 Feudal Age
13:24 Wheelbarrow
13:15 Double-Bit Axe
13:55 Horse Collar
14:33 Gold Mining
15:22 Stone Mining
21:53 Castle Age
19:40 Town Watch
23:01 Town Patrol
23:24 Hand Cart
24:01 Bow Saw
25:24 Gold Shaft Mining
25:36 Scale Barding Armor
25:34 Caravan
29:07 Marauders
31:23 Forging
32:02 Bloodlines
32:16 Husbandry
33:04 Iron Casting
33:50 Chain Barding Armor
48:03 Imperial Age
make wall ,door and market well?
0:32 Loom
Connection lost

Rejoining the realm…

Still unreachable

The connection could not be restored.

Session expired

The server has moved on; the page needs a fresh start.